 Dungeon Crawl Stone Soup version 0.28.0-43-g3370ac3207 (webtiles) character file.

Game seed: 11040798933150229412

94 Ablot the Grasshopper (level 4, -2/38 HPs)
             Began as a Gnoll Warper on Mar 12, 2022.
             Was an Initiate of Okawaru.
             Slain by a wyvern zombie (9 damage)
             ... on level 3 of the Dungeon.
             The game lasted 00:02:58 (2323 turns).

Ablot the Grasshopper (Gnoll Warper)                Turns: 2323, Time: 00:02:59

Health: -2/38      AC:  7    Str: 18    XL:     4   Next: 63%
Magic:  9/11       EV: 13    Int: 12    God:    Okawaru [......]
Gold:   20         SH:  0    Dex: 12    Spells: 11/13 levels left

rFire   + . .      SeeInvis .   a - +0 spear
rCold   . . .      Faith    .   (no shield)
rNeg    . . .      Spirit   .   b - +0 leather armour
rPois   .          Reflect  .   (no helmet)
rElec   .          Harm     .   h - +1 cloak
rCorr   .          Rampage  .   (no gloves)
Will    .....                   n - +1 pair of boots
Stlth   +.........              (no amulet)
HPRegen 0.12/turn               e - +6 ring of strength
MPRegen 0.12/turn               i - ring of protection from fire

@: no status effects
A: fangs 1, strong nose, distributed training
a: Renounce Religion


You were on level 3 of the Dungeon.
You worshipped Okawaru.
Okawaru was noncommittal.
You visited 1 branch of the dungeon, and saw 3 of its levels.

You collected 113 gold pieces.
You spent 93 gold pieces at shops.

Inventory:

Hand Weapons
 a - a +0 spear (weapon)
Missiles
 d - 3 boomerangs of dispersal (quivered)
 f - 100 stones
 k - 14 arrows
 t - 3 poisoned darts
Armour
 b - a +0 leather armour (worn)
 h - a +1 cloak (worn)
 n - a +1 pair of boots (worn)
Jewellery
 e - a +6 ring of strength (left hand)
 i - a ring of protection from fire (right hand)
Scrolls
 c - 2 scrolls of blinking
 j - 2 scrolls of enchant weapon {unknown}
 m - a scroll of brand weapon {unknown}
 o - a scroll of noise {unknown}
 p - a scroll of identify {unknown}
 q - a scroll of fear {unknown}
 r - a scroll of vulnerability {unknown}
Potions
 g - a potion of berserk rage {unknown}
 l - a potion of mutation {unknown}
 s - a potion of heal wounds {unknown}


   Skills:
 + Level 4.6 Fighting
 + Level 1.2 Short Blades
 + Level 1.2 Long Blades
 + Level 1.2 Axes
 + Level 1.2 Maces & Flails
 + Level 4.6 Polearms
 + Level 1.2 Staves
 + Level 1.2 Slings
 + Level 1.2 Bows
 + Level 1.2 Crossbows
 + Level 2.8 Throwing
 + Level 2.8 Armour
 + Level 4.6 Dodging
 + Level 1.2 Stealth
 + Level 1.2 Shields
 + Level 1.2 Unarmed Combat
 + Level 5.1 Spellcasting
 + Level 1.0 Conjurations
 + Level 1.0 Hexes
 + Level 1.0 Summonings
 + Level 1.0 Necromancy
 + Level 5.5 Translocations
 + Level 1.0 Transmutations
 + Level 1.0 Fire Magic
 + Level 1.0 Ice Magic
 + Level 1.0 Air Magic
 + Level 1.0 Earth Magic
 + Level 1.0 Poison Magic
 + Level 1.3 Invocations
 + Level 1.2 Evocations


You had 11 spell levels left.
You knew the following spells:

 Your Spells              Type           Power      Damage    Failure   Level
a - Blink                 Tloc           32%        N/A       3%          2

Your spell library contained the following spells:

 Spells                   Type           Power      Damage    Failure   Level
 Gell's Gravitas          Tloc           16%        N/A       8%          3
 Lesser Beckoning         Tloc           16%        N/A       8%          3
 Teleport Other           Tloc           16%        N/A       8%          3
 Freeze                   Ice            20%        1d4       16%         1
 Slow                     Hex            20%        N/A       16%         1
 Sting                    Tmut/Pois      20%        1d4       16%         1
 Poisonous Vapours        Pois/Air       10%        N/A       24%         2
 Confusing Touch          Hex            5%         N/A       43%         3
 Frozen Ramparts          Ice            10%        1d3       43%         3
 Vampiric Draining        Necr           5%         2d6       43%         3
 Manifold Assault         Tloc           16%        N/A       56%         5
 Hailstorm                Conj/Ice       5%         3d4       83%         4
 Olgreb's Toxic Radiance  Pois           5%         N/A       83%         4


Dungeon Overview and Level Annotations

Branches:
Dungeon (3/15)

Altars:
Okawaru

Shops:
D:3 *


Innate Abilities, Weirdness & Mutations

You have very sharp teeth.
Your uncanny sense of smell can sniff out nearby items.
Your experience applies equally to all skills.


Message History

You bite the wyvern zombie, but do no damage.
The wyvern zombie is moderately damaged.
The wyvern zombie bites you but does no damage.
You hit the wyvern zombie but do no damage.
The wyvern zombie is moderately damaged.
The wyvern zombie bites you.
The wyvern zombie bites you but does no damage.
You hit the wyvern zombie.
The wyvern zombie is moderately damaged.
The wyvern zombie bites you!
You hit the wyvern zombie.
The wyvern zombie is heavily damaged.
The wyvern zombie bites you!
* * * LOW HITPOINT WARNING * * *
Unknown command.
Okay, then.
Casting: Blink (safe; 3% risk of failure)
Confirm with . or Enter, or press ? or * to list all spells.
You blink.
Throw: 5 boomerangs (disperse)
Press: ? - help, Q - select action, (/) - cycle Shift-Dir - straight line, f - wyvern zombie
Aim: a wyvern zombie (translocational energy, heavily damaged, 79% to hit)
You throw a boomerang of dispersal.
The boomerang of dispersal hits the wyvern zombie but does no damage.
The wyvern zombie is heavily damaged.
Throw: 4 boomerangs (disperse)
Press: ? - help, Q - select action, (/) - cycle Shift-Dir - straight line, f/p - wyvern zombie
Aim: a wyvern zombie (heavily damaged, 79% to hit)
You throw a boomerang of dispersal.
The boomerang of dispersal hits the wyvern zombie.
The wyvern zombie blinks!
The wyvern zombie is severely damaged.
There is a stone staircase leading up here.
You hit the wyvern zombie.
You punch the wyvern zombie, but do no damage.
You bite the wyvern zombie, but do no damage.
The wyvern zombie is severely damaged.
You feel stable enough to blink again. The wyvern zombie bites you!
You die...

#### #..######
#.......#
###...###...#
###...Z@## .#
#...##...#
#...######.# #..##
#.### ∆ # ....
#...### ...
####...#### #.....#
#.........###
#.....#
######.####..#...##
#.....# #......#
##.###..#


You could see a wyvern zombie.

Vanquished Creatures
  5 adders
  2 dart slugs (D:1)
  An orc (D:3)
  An endoplasm (D:2)
  3 giant cockroaches
  6 goblins
  5 hobgoblins
  4 kobolds (D:1)
  3 quokkas (D:1)
  3 ball pythons
  5 bats
  3 frilled lizards
  A rat (D:1)
42 creatures vanquished.

Notes
Turn   | Place    | Note
-------+----------+-------------------------------------------
     0 | D:1      | Ablot the Gnoll Warper began the quest for the Orb.
     0 | D:1      | Reached XP level 1. HP: 20/20 MP: 6/6
   193 | D:1      | Reached XP level 2. HP: 23/26 MP: 7/7
   196 | D:1      | Learned a level 2 spell: Blink
   837 | D:1      | Reached XP level 3. HP: 30/31 MP: 9/9
   961 | D:1      | Reached skill level 5 in Spellcasting
   996 | D:2      | Reached skill level 1 in Invocations
  1091 | D:2      | Found a faded altar of an unknown god.
  1273 | D:2      | Reached skill level 1 in Short Blades
  1273 | D:2      | Reached skill level 1 in Long Blades
  1273 | D:2      | Reached skill level 1 in Axes
  1273 | D:2      | Reached skill level 1 in Maces & Flails
  1273 | D:2      | Reached skill level 1 in Staves
  1273 | D:2      | Reached skill level 1 in Slings
  1273 | D:2      | Reached skill level 1 in Bows
  1273 | D:2      | Reached skill level 1 in Crossbows
  1273 | D:2      | Reached skill level 1 in Stealth
  1273 | D:2      | Reached skill level 1 in Shields
  1273 | D:2      | Reached skill level 1 in Unarmed Combat
  1273 | D:2      | Reached skill level 1 in Evocations
  1362 | D:2      | Reached XP level 4. HP: 37/38 MP: 11/11
  2049 | D:3      | Reached skill level 1 in Conjurations
  2049 | D:3      | Reached skill level 1 in Hexes
  2049 | D:3      | Reached skill level 1 in Summonings
  2049 | D:3      | Reached skill level 1 in Necromancy
  2049 | D:3      | Reached skill level 1 in Transmutations
  2049 | D:3      | Reached skill level 1 in Fire Magic
  2049 | D:3      | Reached skill level 1 in Ice Magic
  2049 | D:3      | Reached skill level 1 in Air Magic
  2049 | D:3      | Reached skill level 1 in Earth Magic
  2049 | D:3      | Reached skill level 1 in Poison Magic
  2099 | D:3      | Found Vomnyum's Assorted Antiques.
  2107 | D:3      | Bought a scroll labelled UNA NAILLASU for 24 gold pieces
  2107 | D:3      | Bought a scroll labelled ICZIYDUPOQ for 24 gold pieces
  2107 | D:3      | Bought a scroll labelled QIUDUE ESOBIGU for 24 gold pieces
  2107 | D:3      | Bought a metallic grey potion for 21 gold pieces
  2223 | D:3      | Found an iron altar of Okawaru.
  2231 | D:3      | Became a worshipper of Warmaster Okawaru
  2323 | D:3      | Slain by a wyvern zombie

Illustrated notes

Levels and vault maps discovered:
D:1:      wander_arrival_estate, layout_basic
D:2:      layout_loops_cross, shapermc_ecumenical_altar_starsandcircs
D:3:      layout_rooms, lemuel_coloured_pillars_altar, serial_shops, shop

Skill      XL: |  1  2  3  4 |
---------------+-------------+-----
Spellcasting   | 5 |  5.1
Invocations    | 1 |  1.3
Short Blades   | 1 |  1.2
Long Blades    | 1 |  1.2
Axes           | 1 |  1.2
Maces & Flails | 1 |  1.2
Staves         | 1 |  1.2
Slings         | 1 |  1.2
Bows           | 1 |  1.2
Crossbows      | 1 |  1.2
Stealth        | 1 |  1.2
Shields        | 1 |  1.2
Unarmed Combat | 1 |  1.2
Evocations     | 1 |  1.2
Conjurations   | 1 |  1.0
Hexes          | 1 |  1.0
Summonings     | 1 |  1.0
Necromancy     | 1 |  1.0
Transmutations | 1 |  1.0
Fire Magic     | 1 |  1.0
Ice Magic      | 1 |  1.0
Air Magic      | 1 |  1.0
Earth Magic    | 1 |  1.0
Poison Magic   | 1 |  1.0
Fighting       | |  4.6
Polearms       | |  4.6
Throwing       | |  2.8
Armour         | |  2.8
Dodging        | |  4.6
Translocations | |  5.5

Action                   |  1- 3 |  4- 6 || total
-------------------------+-------+-------++-------
Melee: Spear             |   161 |    67 ||   228
       Bite              |     8 |     7 ||    15
       Punch             |     2 |     2 ||     4
Throw: Boomerang         |       |     2 ||     2
 Cast: Blink             |       |     1 ||     1
 Stab: Sleeping          |     4 |     1 ||     5
Armor: Leather armour    |    40 |    20 ||    60
Dodge: Dodged            |    60 |    29 ||    89
